 Dungeon Crawl Stone Soup version 0.18.1-50-g88ac8fd (webtiles) character file.

62 nikopol the Skirmisher (level 3, -3/34 HPs)
             Began as a Minotaur Berserker on Oct 9, 2016.
             Was a Believer of Trog.
             Slain by Crazy Yiuf
             ... wielding a +3 quarterstaff of chaos
              (7 damage)
             ... while paralysed by Crazy Yiuf
             ... on level 2 of the Dungeon.
             The game lasted 00:04:16 (1019 turns).

nikopol the Skirmisher (Minotaur Berserker)         Turns: 1019, Time: 00:04:17

Health: -3/34      AC:  2    Str: 21    XL:     3   Next: 85%
Magic:  0/2        EV:  2    Int:  4    God:    Trog [**....]
Gold:   110        SH:  0    Dex: 10    Spells: 0 memorised, 2 levels left

rFire  . . .     SeeInvis .     a - +0 spear
rCold  . . .     Gourm    .     b - +0 animal skin
rNeg   . . .     Faith    .     (no shield)
rPois  .         Spirit   .     (helmet restricted)
rElec  .         Dismiss  .     (no cloak)
rCorr  .         Reflect  .     (no gloves)
SustAt .         Harm     .     (no boots)
MR     .....                    (no amulet)
Stlth  +.........               (no ring)
                                (no ring)

@: paralysed, not resistant to hostile enchantments, very unstealthy
A: retaliatory headbutt, horns 2
a: Berserk, Trog's Hand, Burn Spellbooks, Renounce Religion


You were on level 2 of the Dungeon.
You worshipped Trog.
Trog was pleased with you.
You were not hungry.

You visited 1 branch of the dungeon, and saw 2 of its levels.

You collected 110 gold pieces.

Inventory:

Hand Weapons
 a - a +0 spear (weapon)
Missiles
 h - 48 arrows (quivered)
Armour
 b - a +0 animal skin (worn)
Jewellery
 i - an uncursed ring of resist corrosion {unknown}
 p - a +3 ring of intelligence {unknown}
Scrolls
 e - 2 scrolls of teleportation {unknown}
 f - a scroll of recharging {unknown}
 g - 2 scrolls of fear {unknown}
 k - a scroll of identify {unknown}
 m - a scroll of remove curse {unknown}
 o - a scroll of blinking {unknown}
Potions
 j - a potion of might {unknown}
 q - a potion of flight {unknown}
Comestibles
 c - 2 bread rations
 d - a slice of pizza
 l - a chunk of flesh
 n - 3 fruits


   Skills:
 + Level 4.3 Fighting
 + Level 4.2 Polearms
 + Level 3.2 Armour
 + Level 2.9 Dodging


You had 2 spell levels left.
You didn't know any spells.

Dungeon Overview and Level Annotations

Branches:
Dungeon (2/15)

Altars:
Elyvilon
Gozag
Ru

Annotations:
D:2 Crazy Yiuf


Innate Abilities, Weirdness & Mutations

You reflexively headbutt those who attack you in melee.
You have a pair of horns on your head.


Message History

Crazy Yiuf yells, "Scoff spinner mobile!"
Crazy Yiuf is too close now for your liking.
You hit Crazy Yiuf.
Crazy Yiuf is moderately wounded.
You hit Crazy Yiuf. Your headbutt misses Crazy Yiuf.
Crazy Yiuf is heavily wounded.
Crazy Yiuf barely misses you.
You barely miss Crazy Yiuf.
Crazy Yiuf is heavily wounded.
Crazy Yiuf hits you with a quarterstaff of chaos.
You suddenly lose the ability to move!
Crazy Yiuf hits you with a quarterstaff of chaos.
Crazy Yiuf freezes you.
Crazy Yiuf whimpers, "Scoff!"
Crazy Yiuf hits you with a quarterstaff of chaos!
You feel your power leaking away.
Crazy Yiuf hits you with a quarterstaff of chaos!
* * * LOW HITPOINT WARNING * * *
Crazy Yiuf hits you with a quarterstaff of chaos!
You die...

### ♣♣####
#)..#♣♣ ♣♣....##
#...g@♣♣♣♣......#
#...#♣..♣.......#
### ♣♣♣.♣......#
♣♣♣♣♣##.## #.#
#########.#
##.......#.#
#..........#
#.........##


You could see Crazy Yiuf.

Vanquished Creatures
  An adder (D:2)
  An ooze (D:2)
  2 worms (D:2)
  A dart slug (D:1)
  A giant gecko (D:1)
  A ball python (D:1)
  3 bats
  2 giant cockroaches
  3 hobgoblins
  3 jackals (D:1)
  6 kobolds
  4 giant newts
  6 goblins
  7 rats
41 creatures vanquished.

Notes
Turn   | Place    | Note
--------------------------------------------------------------
     0 | D:1      | nikopol the Minotaur Berserker began the quest for the Orb.
     0 | D:1      | Reached XP level 1. HP: 19/19 MP: 0/0
    98 | D:1      | Reached XP level 2. HP: 26/27 MP: 1/1
   286 | D:1      | Reached ** piety under Trog
   544 | D:1      | Reached XP level 3. HP: 33/33 MP: 2/2
   723 | D:2      | Found a sacrificial altar of Ru.
   726 | D:2      | Found a white marble altar of Elyvilon.
   729 | D:2      | Found an opulent altar of Gozag.
  1010 | D:2      | Noticed Crazy Yiuf
  1015 | D:2      | Paralysed by Crazy Yiuf for 6 turns
  1019 | D:2      | Slain by Crazy Yiuf

Skill      XL: |  1  2  3 |
---------------+----------+-----
Fighting       | 4 |  4.3
Armour         | 3 |  3.2
Polearms       | 4 |  4.2
Dodging        | |  2.9

Action                   || total
-------------------------++-------
Melee: Spear             ||   113
       Headbutt          ||    16
 Stab: Sleeping          ||     2
Armor: Animal skin       ||    15
Dodge: Dodged            ||    42
